 Dungeon Crawl Stone Soup version 0.30-b1-2-g02819fbbbe (webtiles) character file.

Game seed: 8697169541106329309

637 Shekn the Slasher (level 7, -6/54 (61) HPs)
             Began as a Minotaur Fighter on June 21, 2023.
             Was an Initiate of Ru.
             Mangled by a wight
             ... wielding a +4 halberd
              (7 damage)
             ... on level 4 of the Dungeon.
             The game lasted 00:43:36 (3112 turns).

Shekn the Slasher (Minotaur Fighter)                Turns: 3112, Time: 00:43:37

HP:   -6/54 (61)    AC: 13    Str: 23    XL:     7   Next: 25%
MP:   6/6           EV:  8    Int:  5    God:    Ru [......]
Gold: 184           SH:  4    Dex:  9    Spells: 5/6 levels left

rFire   . . .        a - +0 long sword
rCold   . . .        O - +0 buckler
rNeg    . . .        f - +2 chain mail
rPois   .            (helmet restricted)
rElec   .            (no cloak)
rCorr   .            U - +0 pair of gloves
SInv    +            (no boots)
Will    .....        (no amulet) Stlth
                     s - ring of see invisible
HPRegen 0.29/turn    (no ring)
MPRegen 0.10/turn

%: no passive effects
@: mighty, heavily drained
A: horns 2, retaliatory headbutt
a: Renounce Religion


You were on level 4 of the Dungeon.
You worshipped Ru.
Ru was noncommittal.
You visited 1 branch of the dungeon, and saw 5 of its levels.

You collected 184 gold pieces.

Inventory:

Hand Weapons
 a - a +0 long sword (weapon)
Missiles
 t - 16 stones
 H - 3 large rocks
 Q - a curare-tipped dart (quivered)
Armour
 f - a +2 chain mail (worn)
 M - a +2 robe of fire resistance
 O - a +0 buckler (worn)
 U - a +0 pair of gloves (worn)
Magical Staves
 C - a staff of fire
Jewellery
 s - a ring of see invisible (left hand)
Wands
 K - a wand of iceblast (6)
Scrolls
 c - a scroll of identify
 I - a scroll of amnesia
Potions
 z - a potion of heal wounds
 A - a potion of attraction


   Skills:
 + Level 5.5 Fighting
 + Level 6.3 Long Blades
 + Level 1.1 Throwing
 + Level 5.8 Armour
 + Level 1.5 Dodging
 + Level 0.2 Stealth
 + Level 4.3 Shields
 + Level 0.5 Evocations


You had 5 spell levels left.
You knew the following spells:

 Your Spells              Type           Power      Damage    Failure   Level
a - Sting                 Tmut/Pois      0%         1d3       98%         1

Your spell library contained the following spells:

 Spells                   Type           Power      Damage    Failure   Level
 Poisonous Vapours        Pois/Air       0%         N/A       99%         2
 Call Canine Familiar     Summ           0%         N/A       100%        3
 Portal Projectile        Hex/Tloc       0%         N/A       100%        3
 Leda's Liquefaction      Hex/Erth       0%         N/A       100%        4
 Olgreb's Toxic Radiance  Pois           0%         N/A       100%        4


Dungeon Overview and Level Annotations

Branches:
Dungeon (5/15)
 Temple: D:4-7

Altars:
Ru
Sif Muna
Yredelemnul

Shops:
D:2 !*!(   D:5 *


Innate Abilities, Weirdness & Mutations

You have a pair of horns on your head.
You reflexively headbutt those who attack you in melee.


Message History

You furiously retaliate!
You headbutt the wight! The wight attacks as you move away!
You block the wight's attack. The wight hits you but does no damage.
You hit the wight.
The wight is heavily damaged.
You block the wight's attack.
The wight hits you from afar with a +4 halberd.
You feel drained. The wight hits you with a +3 dagger.
The wight hits you with a +0 hand axe.
The wight hits you from afar with a +4 halberd.
The wight attacks as you move away! You block the wight's attack.
The wight attacks as you move away! The wight hits you but does no damage.
You hit the wight. Your headbutt misses the wight.
The wight is severely damaged.
The wight misses you. The wight hits you but does no damage.
You barely miss the wight.
The wight is severely damaged.
The wight barely misses you.
The wight hits you from afar with a +4 halberd!
* * * LOW HITPOINT WARNING * * *
You feel drained.
* * * LOW HITPOINT WARNING * * *
The wight hits you with a +0 hand axe.
* * * LOW HITPOINT WARNING * * *
You feel drained.
* * * LOW HITPOINT WARNING * * *
Unknown command.
You feel very mighty all of a sudden. The wight hits you but does no damage.
You block the wight's attack. The wight barely misses you.
You furiously retaliate!
You headbutt the wight!!
You destroy the wight!
You closely miss the wight. Your headbutt misses the wight.
The wight is severely damaged.
The wight hits you with a +3 dagger.
* * * LOW HITPOINT WARNING * * *
You feel drained. You block the wight's attack.
You hit the wight.
You destroy the wight!
The wight hits you from afar with a +4 halberd!
You die...

..###...###.................#
.##.......##...............##
##.........##.##.........#.#
#....≈≈≈....####....[.>..####
#...≈≈≈≈≈...####.........##.###
...≈≈...≈≈.....#..............#
...≈≈.>.≈≈..._.#..............#
...≈≈...≈≈.....#.....#####...##
#...≈≈≈≈≈...####@)..#####..###
#....≈≈≈....#..##)..# #...##
##.........##..##z..####..###
.##.......##................##
..###...####.....#...........####
....#####.###..#####....#.......#
......###.##......#.....##......#
.....###.............##........##
..)...#...≈.≈........##........#


You could see a wight.

Vanquished Creatures
  Grinder (D:4)
  Blork the orc (D:4)
  3 wights (D:4)
  A howler monkey (D:4)
  A jelly (D:4)
  A sleepcap (D:4)
  Ijyb (D:3)
  An orc wizard (D:4)
  3 adders
  3 gnolls (D:4)
  A worm (D:4)
  A dart slug (D:2)
  3 orcs
  9 endoplasms
  5 giant cockroaches
  5 goblins (D:1)
  8 hobgoblins
  8 jackals
  4 quokkas (D:1)
  4 ball pythons
  2 bats (D:1)
  5 frilled lizards
  2 kobolds
  3 rats
  A bush (D:1)
77 creatures vanquished.

Notes
Turn   | Place    | Note
-------+----------+-------------------------------------------
     0 | D:1      | Shekn the Minotaur Fighter began the quest for the Orb.
     0 | D:1      | Reached XP level 1. HP: 19/19 MP: 0/0
    38 | D:1      | Reached XP level 2. HP: 23/27 MP: 1/1
   502 | D:1      | Reached XP level 3. HP: 33/33 MP: 2/2
   916 | D:2      | Reached skill level 3 in Long Blades
  1010 | D:2      | Found Waex's Weapon Shop.
  1020 | D:2      | Found Dicozul's Distillery.
  1116 | D:2      | Learned a level 1 spell: Sting
  1233 | D:2      | Found Doumymei's Distillery.
  1252 | D:2      | Reached XP level 4. HP: 41/41 MP: 3/3
  1263 | D:2      | Found Popenum's Assorted Antiques.
  1911 | D:3      | Noticed Ijyb
  1914 | D:3      | Paralysed by Ijyb for 5 turns
  1933 | D:3      | Killed Ijyb
  2618 | D:4      | Reached skill level 4 in Long Blades
  2618 | D:4      | Reached XP level 5. HP: 44/47 MP: 4/4
  2739 | D:4      | Noticed Blork the orc
  2747 | D:4      | Killed Blork the orc
  2748 | D:4      | Reached skill level 5 in Long Blades
  2757 | D:4      | Found a shimmering blue altar of Sif Muna.
  2774 | D:5      | Entered Level 5 of the Dungeon
  2774 | D:5      | Noticed Grinder
  2774 | D:5      | Found Zank's General Store.
  2774 | D:5      | Found a basalt altar of Yredelemnul.
  2788 | D:4      | Paralysed by Grinder for 4 turns
  2797 | D:4      | Paralysed by Grinder for 2 turns
  2801 | D:4      | Killed Grinder
  2802 | D:4      | Reached skill level 5 in Fighting
  2802 | D:4      | Reached skill level 1 in Throwing
  2802 | D:4      | Reached skill level 5 in Armour
  2802 | D:4      | Reached skill level 1 in Dodging
  2802 | D:4      | Reached XP level 6. HP: 41/56 MP: 5/5
  3032 | D:4      | Reached skill level 6 in Long Blades
  3032 | D:4      | Reached XP level 7. HP: 50/61 MP: 6/6
  3048 | D:4      | Found a sacrificial altar of Ru.
  3062 | D:4      | Became a worshipper of Ru the Awakened
  3109 | D:4      | HP: 2/56 [wight/+0 hand axe (3)]
  3112 | D:4      | Mangled by a wight

Illustrated notes

Levels and vault maps discovered:
D:1:      nicolae_arrival_somewhat_less_tricky_arrival, layout_loops_cross,
          serial_forest, infiniplex_forest_lined_3,
          infiniplex_forest_straight_3, infiniplex_forest_lined_4_way,
          infiniplex_forest_clump_double, infiniplex_forest_clump_tiny,
          infiniplex_forest_clump_medium, infiniplex_forest_end_1,
          minmay_close_crescents
D:2:      cheibrodos_helix_gallery, layout_basic, serial_shops, shop, shop,
          shop, shop
D:3:      layout_basic, uniq_ijyb
D:4:      layout_cave_pools, tgw_sif, nicolae_ru_path_of_blood, eino_curves_04
D:5:      layout_basic, mainiacjoe_overflow_tiny_flanked, serial_shops,
          nicolae_shop_waterfront, kennysheep_generic_room_3, uniq_grinder,
          uniq_duvessa

Skill      XL: |  1  2  3  4  5  6 |
---------------+-------------------+-----
Fighting       | 4 5 |  5.5
Armour         | 4 5 |  5.8
Shields        | 4 |  4.3
Long Blades    | 3 4 5 6 |  6.3
Throwing       | 1 |  1.1
Dodging        | 1 |  1.5
Stealth        | |  0.2
Evocations     | |  0.5

Action                     |  1- 3 |  4- 6 |  7- 9 || total
---------------------------+-------+-------+-------++-------
  Melee: Long sword        |   155 |    96 |    12 ||   263
         Headbutt          |    39 |    15 |     1 ||    55
  Throw: Stone             |       |     6 |       ||     6
         Dart              |       |     2 |       ||     2
  Evoke: Wand              |       |     3 |     2 ||     5
    Use: Potion            |     5 |     8 |     1 ||    14
         Scroll            |     1 |     5 |     1 ||     7
 Armour: Scale mail        |    14 |       |       ||    14
         Chain mail        |    60 |    60 |     8 ||   128
  Dodge: Dodged            |    49 |    32 |    12 ||    93
  Block: Buckler           |    17 |    17 |    10 ||    44
